Heat vs Wolfpack

Created - April 21, 2022 at 19:04

Goals
1 2 3 T
Heat 1 2 4 7
Wolfpack 0 1 4 5
Shots
1 2 3 T
Heat 4 18 14 36
Wolfpack 3 15 18 36

1st period

1. Heat , Victor Rask 22 (Jake DeBrusk 22, Rasmus Andersson 28) at 2:26

Penalties :
Connor Chatam (Har) for Roughing (Minor) at 18:52

2nd period

2. Wolfpack , Joshua Jacobs 1 (Maxime Sauvé 56, Dave Dziurzynski 37) at 3:38
3. Heat , Jake DeBrusk 28 (Victor Rask 43, Frank Corrado 18) at 8:13
4. Heat , Matthew Nieto 30 (Trevor Carrick 9, Kevin Labanc 45) at 15:48

Penalties :
Steven Santini (Har) for Goalie Interference (Minor) at 11:14, Rasmus Andersson (Sto) for Holding Stick (Minor) at 17:11, Eric Karlsson (Sto) for Hooking (Minor) at 19:55

3rd period

5. Wolfpack , Kevin Roy 8 (Sebastian Collberg 27) at 2:48
6. Wolfpack , Samuel Blais 21 (Derrick Pouliot 25, Steven Santini 26) at 3:20
7. Heat , Matthew Nieto 31 (Kevin Labanc 46, Philip Varone 23) at 3:32
8. Heat , Matthew Nieto 32 (Kevin Labanc 47) at 7:09 (PP)
9. Wolfpack , Sebastian Collberg 14 (Kevin Roy 11) at 8:27
10. Heat , Matthew Nieto 33 (Kevin Labanc 48, Ryan Spooner 22) at 12:36 (PP)
11. Wolfpack , Stefan Noesen 41 (Steven Santini 27, Derrick Pouliot 26) at 14:49
12. Heat , Ryan Spooner 13 (Mathieu Brodeur 19, Peter Cehlarik 18) at 17:06

Penalties :
Stefan Noesen (Har) for Holding (Minor) at 7:07, Connor Chatam (Har) for Hooking (Minor) at 12:01

Goalie Stats

Michael Hutchinson (Sto), 31 saves from 36 shots - (0.861), W, 22-15-5, 60:00 minutes
Harru Sateri (Har), 29 saves from 36 shots - (0.806), L, 2-4-0, 60:00 minutes

Players Stats for Heat

Player Name              G  A  P  +/- PIM S  H  SB GA TA FO     MP     PP MP  PK MP  
------------------------------------------------------------------------------------
Barclay Goodrow          0  0  0   0  0   0  2  0  0  2  0/0    12:10   0:03   0:00 
Eric Karlsson            0  0  0  -1  2   1  2  1  0  0  0/0     7:17   0:00   0:30 
Evgeny Svechnikov        0  0  0  -1  0   0  1  0  1  0  0/2    17:39   1:47   0:59 
Frank Corrado            0  1  1  -2  0   0  3  1  0  2  0/0    20:45   2:40   1:43 
Greg Pateryn             0  0  0  -2  0   1  3  1  1  2  0/0    20:45   2:40   1:43 
Jake DeBrusk             1  1  2  -1  0   4  6  0  1  0  1/1    18:39   1:47   2:02 
Jesper Bratt             0  0  0  -1  0   0  0  0  0  0  0/1     6:48   0:00   0:00 
John Gilmour             0  0  0   1  0   0  0  1  0  1  0/0    10:51   0:00   0:00 
Kevin Labanc             0  4  4   2  0   6  2  0  1  0  2/2    20:09   2:45   0:00 
Mathieu Brodeur          0  1  1   1  0   2  1  3  0  0  0/0    28:31   1:55   2:15 
Matthew Nieto            4  0  4   2  0   8  2  0  0  0  2/2    20:37   2:45   0:27 
Nico Sturm               0  0  0  -1  0   2  1  0  0  1  1/3     8:28   0:03   0:59 
Peter Cehlarik           0  1  1   0  0   3  2  0  1  0  0/0    12:52   0:00   0:50 
Philip Varone            0  1  1   2  0   2  3  0  1  1  14/33  21:25   1:47   2:02 
Rasmus Andersson         0  1  1   1  2   4  1  2  0  1  0/0    27:26   1:55   1:18 
Ryan Spooner             1  1  2   0  0   2  3  0  0  0  5/9    13:06   0:38   0:07 
Trevor Carrick           0  1  1   1  0   0  0  3  0  2  0/0    11:44   0:00   0:57 
Victor Rask              1  1  2  -1  0   1  1  0  0  1  7/15   16:48   2:10   0:00 

Players Stats for Wolfpack

Player Name              G  A  P  +/- PIM S  H  SB GA TA FO     MP     PP MP  PK MP  
------------------------------------------------------------------------------------
Colton White             0  0  0   2  0   0  1  1  0  1  0/0    12:03   0:00   1:06 
Connor Chatam            0  0  0  -1  4   2  0  0  0  0  0/0    13:14   0:00   0:00 
Dave Dziurzynski         0  1  1   1  0   2  0  1  3  1  1/3    22:52   2:08   2:58 
David Pope               0  0  0  -1  0   1  2  0  2  0  1/1    14:07   0:00   0:58 
Derrick Pouliot          0  2  2  -1  0   2  2  1  0  0  0/0    28:59   2:21   3:13 
Henrik Samuelsson        0  0  0  -1  0   4  3  0  2  0  6/13   16:21   1:50   0:48 
Joshua Jacobs            1  0  1   2  0   1  1  0  0  1  0/0    11:49   0:00   0:35 
Keegan Kolesar           0  0  0   1  0   1  2  0  0  0  0/0     6:49   0:00   0:00 
Kevin Roy                1  1  2   1  0   3  1  0  0  0  3/6     6:49   0:00   0:00 
Maxime Sauvé             0  1  1   1  0   4  1  1  0  0  20/38  22:52   2:08   2:58 
Mikhail Sergachev        0  0  0  -1  0   0  3  0  0  1  0/0    19:14   1:37   0:47 
Ryan Culkin              0  0  0  -1  0   1  0  2  2  0  0/0    20:00   1:37   1:33 
Ryan Dzingel             0  0  0  -1  0   1  0  0  1  0  1/2    17:14   1:50   1:28 
Samuel Blais             1  0  1  -1  0   3  5  0  0  0  0/0    13:30   0:00   0:00 
Sebastian Collberg       1  1  2   1  0   2  1  0  2  0  0/0     8:39   1:50   0:00 
Seth Griffith            0  0  0  -1  0   3  0  0  0  1  4/5    13:02   0:00   0:00 
Stefan Noesen            1  0  1   1  2   4  0  0  1  0  0/0    19:33   2:08   0:00 
Steven Santini           0  2  2  -1  2   2  3  1  0  1  0/0    28:14   2:21   1:56 

3 Stars

1 - Matthew Nieto (Sto)
2 - Kevin Labanc (Sto)
3 - Jake DeBrusk (Sto)

Power Play

Heat - 2 on 4 Attempt(s) - 50.00%
Wolfpack - 0 on 2 Attempt(s) - 0.00%

Penalty Kill

Heat - 2 on 2 Attempt(s) - 100.00% - Score 0 goal in Penalty Kill
Wolfpack - 2 on 4 Attempt(s) - 50.00% - Score 0 goal in Penalty Kill

Team Stat

Heat - Hits : 33 - Faceoff Wins : 32 - Blocked Shots : 12 - Penalty Minutes : 4
Wolfpack - Hits : 25 - Faceoff Wins : 36 - Blocked Shots : 7 - Penalty Minutes : 8

Official

Referees : Ian Walsh and Steve Kozari
Linesman : Derek Nansen and Scott Cherrey

Game Notes

Matthew Nieto has scored a Hat Trick!

Finance

Level 1 -- Attendance: 1802 (90.10%) -- Ticket Income $63,070
Level 2 -- Attendance: 907 (90.70%) -- Ticket Income $13,605
Total Attendance: 2709 (90.30%)
Total Ticket Income: $76,675
Other Income: $3,834
Total Income: $80,509

Heat

5 vs 5 Forward 
   Center                   Left Wing                Right Wing               Time % Phy DF OF 
 1 Philip Varone            Matthew Nieto            Kevin Labanc             40     1   2  2  
 2 Victor Rask              Jake DeBrusk             Evgeny Svechnikov        30     1   2  2  
 3 Ryan Spooner             Peter Cehlarik           Barclay Goodrow          20     1   2  2  
 4 Nico Sturm               Jesper Bratt             Eric Karlsson            10     1   2  2  

5 vs 5 Defense 
   Defense                  Defense                                           Time % Phy DF OF 
 1 Mathieu Brodeur          Rasmus Andersson                                  40     1   2  2  
 2 Frank Corrado            Greg Pateryn                                      30     1   2  2  
 3 John Gilmour             Trevor Carrick                                    20     1   2  2  
 4 Mathieu Brodeur          Rasmus Andersson                                  10     1   2  2  

PowerPlay Forward 
   Center                   Left Wing                Right Wing               Time % Phy DF OF 
 1 Victor Rask              Matthew Nieto            Kevin Labanc             60     1   2  2  
 2 Philip Varone            Jake DeBrusk             Evgeny Svechnikov        40     1   2  2  

PowerPlay Defense
   Defense                  Defense                                           Time % Phy DF OF 
 1 Mathieu Brodeur          Rasmus Andersson                                  60     1   2  2  
 2 Frank Corrado            Greg Pateryn                                      40     1   2  2  

Penalty Kill 4 Players Forward 
   Center                   Wing                     Time % Phy DF OF 
 1 Philip Varone            Jake DeBrusk             60     1   2  2  
 2 Nico Sturm               Evgeny Svechnikov        40     1   2  2  

Penalty Kill 4 Players Defense
   Defense                  Defense                  Time % Phy DF OF 
 1 Mathieu Brodeur          Rasmus Andersson         60     1   2  2  
 2 Frank Corrado            Greg Pateryn             40     1   2  2  

Penalty Kill - 3 Players Forward 
   Forward                                           Time % Phy DF OF 
 1 Matthew Nieto                                     60     1   2  2  
 2 Kevin Labanc                                      40     1   2  2  

Penalty Kill - 3 Players Defense
   Defense                  Defense                  Time % Phy DF OF 
 1 Mathieu Brodeur          Rasmus Andersson         60     1   2  2  
 2 Frank Corrado            Greg Pateryn             40     1   2  2  

4 vs 4 Forward 
   Center                   Wing                     Time % Phy DF OF 
 1 Victor Rask              Matthew Nieto            60     1   2  2  
 2 Philip Varone            Kevin Labanc             40     1   2  2  

4 vs 4 Defense
   Defense                  Defense                  Time % Phy DF OF 
 1 Mathieu Brodeur          Rasmus Andersson         60     1   2  2  
 2 Frank Corrado            Greg Pateryn             40     1   2  2  

Last Minutes Offensive
   Center                   Left Wing                Right Wing               Defense                  Defense                  
   Philip Varone            Matthew Nieto            Kevin Labanc             Mathieu Brodeur          Rasmus Andersson         

Last Minutes Defensive
   Center                   Left Wing                Right Wing               Defense                  Defense                  
   Philip Varone            Matthew Nieto            Kevin Labanc             Mathieu Brodeur          Rasmus Andersson         

Goaltenders
Starting : Michael Hutchinson       
Backup : Vitek Vanecek            

Extra Forwards
Normal : Ryan Spooner, Nico Sturm, Peter Cehlarik - PP : Ryan Spooner, Nico Sturm - PK : Peter Cehlarik
Extra Defensemen
Normal : John Gilmour, Trevor Carrick, Frank Corrado - PP : John Gilmour - PK : Trevor Carrick, Frank Corrado
Penalty Shots
Matthew Nieto, Jake DeBrusk, Kevin Labanc, Evgeny Svechnikov, Victor Rask

Scratches
Alexander True (Healthy), Brandon Hickey (Healthy), Chris Brown (Healthy), Christian Jaros (Healthy), Dominik Masin (Healthy)
Petteri Lindbohm (Healthy), Ryan Donato (Healthy), Vladislav Kamenev (Healthy), Tage Thompson (Healthy), Radim Zohorna (Healthy)
Nathan Lieuwen (Healthy), Collin Delia (Healthy)

Wolfpack

5 vs 5 Forward 
   Center                   Left Wing                Right Wing               Time % Phy DF OF 
 1 Maxime Sauvé             Dave Dziurzynski         Stefan Noesen            40     1   2  2  
 2 Henrik Samuelsson        Ryan Dzingel             Samuel Blais             30     1   2  2  
 3 Seth Griffith            David Pope               Connor Chatam            20     1   2  2  
 4 Kevin Roy                Sebastian Collberg       Keegan Kolesar           10     1   2  2  

5 vs 5 Defense 
   Defense                  Defense                                           Time % Phy DF OF 
 1 Derrick Pouliot          Steven Santini                                    40     1   2  2  
 2 Mikhail Sergachev        Ryan Culkin                                       30     1   2  2  
 3 Colton White             Joshua Jacobs                                     20     1   2  2  
 4 Derrick Pouliot          Steven Santini                                    10     1   2  2  

PowerPlay Forward 
   Center                   Left Wing                Right Wing               Time % Phy DF OF 
 1 Maxime Sauvé             Dave Dziurzynski         Stefan Noesen            60     1   2  2  
 2 Henrik Samuelsson        Ryan Dzingel             Sebastian Collberg       40     1   2  2  

PowerPlay Defense
   Defense                  Defense                                           Time % Phy DF OF 
 1 Derrick Pouliot          Steven Santini                                    60     1   2  2  
 2 Mikhail Sergachev        Ryan Culkin                                       40     1   2  2  

Penalty Kill 4 Players Forward 
   Center                   Wing                     Time % Phy DF OF 
 1 Maxime Sauvé             Dave Dziurzynski         60     1   2  2  
 2 Henrik Samuelsson        Ryan Dzingel             40     1   2  2  

Penalty Kill 4 Players Defense
   Defense                  Defense                  Time % Phy DF OF 
 1 Derrick Pouliot          Steven Santini           60     1   2  2  
 2 Mikhail Sergachev        Ryan Culkin              40     1   2  2  

Penalty Kill - 3 Players Forward 
   Forward                                           Time % Phy DF OF 
 1 Maxime Sauvé                                      60     1   2  2  
 2 Henrik Samuelsson                                 40     1   2  2  

Penalty Kill - 3 Players Defense
   Defense                  Defense                  Time % Phy DF OF 
 1 Derrick Pouliot          Steven Santini           60     1   2  2  
 2 Mikhail Sergachev        Ryan Culkin              40     1   2  2  

4 vs 4 Forward 
   Center                   Wing                     Time % Phy DF OF 
 1 Maxime Sauvé             Dave Dziurzynski         60     1   2  2  
 2 Henrik Samuelsson        Ryan Dzingel             40     1   2  2  

4 vs 4 Defense
   Defense                  Defense                  Time % Phy DF OF 
 1 Derrick Pouliot          Steven Santini           60     1   2  2  
 2 Mikhail Sergachev        Ryan Culkin              40     1   2  2  

Last Minutes Offensive
   Center                   Left Wing                Right Wing               Defense                  Defense                  
   Maxime Sauvé             Dave Dziurzynski         Stefan Noesen            Derrick Pouliot          Steven Santini           

Last Minutes Defensive
   Center                   Left Wing                Right Wing               Defense                  Defense                  
   Maxime Sauvé             Dave Dziurzynski         Stefan Noesen            Derrick Pouliot          Steven Santini           

Goaltenders
Starting : Harru Sateri             
Backup : Mike Condon              

Extra Forwards
Normal : Ryan Dzingel, David Pope, Seth Griffith - PP : Ryan Dzingel, David Pope - PK : Ryan Dzingel
Extra Defensemen
Normal : Ryan Culkin, Colton White, Joshua Jacobs - PP : Ryan Culkin - PK : Ryan Culkin, Colton White
Penalty Shots
Maxime Sauvé, Stefan Noesen, Dave Dziurzynski, Henrik Samuelsson, Ryan Dzingel

Scratches
Adam Lowry (Healthy), Dryden Hunt (Healthy), Jacob Middleton (Healthy), Jake Marchment (Healthy), Joel Kiviranta (Healthy)
Mikhail Vorobyev (Healthy), Will Borgen (Healthy), Alexander Barabanov (Healthy), Alex Barre-Boulet (Healthy), Andrew Peeke (Healthy)
Dante Fabbro (Healthy), Jeffrey Viel (Healthy), Yegor Korshkov (Healthy), Jake Paterson (Healthy)

% Time on Ice - Heat

Lines # - Real PCT - Wanted PCT - Time Play
Normal Forward
1 - 35% - 40% - 17:59
2 - 29% - 30% - 14:53
3 - 23% - 20% - 11:47
4 - 13% - 10% - 6:48
Normal Defense
1 - 41% - 40% - 21:10
2 - 32% - 30% - 16:22
3 - 20% - 20% - 10:20
4 - 7% - 10% - 3:35
PP Forward
1 - 61% - 60% - 2:48
2 - 39% - 40% - 1:47
PP Defense
1 - 42% - 60% - 1:55
2 - 58% - 40% - 2:40
PK Forward
1 - 75% - 60% - 2:59
2 - 25% - 40% - 0:59
PK Defense
1 - 57% - 60% - 2:15
2 - 43% - 40% - 1:43
PK3 Forward
1 - 0% - 60%
2 - 0% - 40%
PK3 Defense
1 - 0% - 60%
2 - 0% - 40%
44 Forward
1 - 0% - 60%
2 - 0% - 40%
44 Defense
1 - 0% - 60%
2 - 0% - 40%
Last Minute Offensive  - 0:00
Last Minute Defensive  - 0:00
Total
Forward - 60:00
Defense - 60:00

% Time on Ice - Wolfpack

Lines # - Real PCT - Wanted PCT - Time Play
Normal Forward
1 - 35% - 40% - 18:15
2 - 27% - 30% - 13:43
3 - 25% - 20% - 12:40
4 - 13% - 10% - 6:49
Normal Defense
1 - 39% - 40% - 20:04
2 - 33% - 30% - 16:50
3 - 22% - 20% - 11:14
4 - 6% - 10% - 3:19
PP Forward
1 - 54% - 60% - 2:08
2 - 46% - 40% - 1:50
PP Defense
1 - 59% - 60% - 2:21
2 - 41% - 40% - 1:37
PK Forward
1 - 86% - 60% - 3:56
2 - 14% - 40% - 0:39
PK Defense
1 - 83% - 60% - 3:48
2 - 17% - 40% - 0:47
PK3 Forward
1 - 0% - 60%
2 - 0% - 40%
PK3 Defense
1 - 0% - 60%
2 - 0% - 40%
44 Forward
1 - 0% - 60%
2 - 0% - 40%
44 Defense
1 - 0% - 60%
2 - 0% - 40%
Last Minute Offensive  - 0:00
Last Minute Defensive  - 0:00
Total
Forward - 60:00
Defense - 60:00

Play-by-Play

1st period


0:01 of 1st period - Philip Varone wins face-off versus Maxime Sauvé in neutral zone.
0:04 of 1st period - Snap shot by Kevin Labanc.
0:04 of 1st period - Shot Misses the Net.
0:55 of 1st period - Slapshot by David Pope.
0:55 of 1st period - Shot Blocked by Frank Corrado.
0:57 of 1st period - Wrist shot by Mikhail Sergachev.
0:57 of 1st period - Shot Misses the Net.
0:59 of 1st period - Snap shot by Seth Griffith.
0:59 of 1st period - Shot Misses the Net.
1:09 of 1st period - Snap shot by Kevin Roy.
1:09 of 1st period - Shot Misses the Net.
1:36 of 1st period - Icing by Eric Karlsson.
1:37 of 1st period - Nico Sturm wins face-off versus Henrik Samuelsson in Heat zone.
1:49 of 1st period - Off-side.
1:50 of 1st period - Kevin Labanc wins face-off versus Maxime Sauvé in neutral zone.
2:17 of 1st period - Mikhail Sergachev is hit by Jake DeBrusk and loses puck.
2:26 of 1st period - Wrist shot by Victor Rask.
2:26 of 1st period - Goal by Victor Rask - Heat : 1 - Wolfpack : 0.
2:27 of 1st period - Henrik Samuelsson wins face-off versus Philip Varone in neutral zone.
2:37 of 1st period - Mathieu Brodeur is hit by Samuel Blais and loses puck.
2:52 of 1st period - Snap shot by Kevin Roy.
2:52 of 1st period - Stopped by Michael Hutchinson without a rebound.
2:53 of 1st period - Victor Rask wins face-off versus Kevin Roy in Heat zone.
4:00 of 1st period - Snap shot by Stefan Noesen.
4:00 of 1st period - Shot Misses the Net.
4:08 of 1st period - Connor Chatam is hit by Eric Karlsson and loses puck.
4:19 of 1st period - Victor Rask is hit by Keegan Kolesar and loses puck.
5:24 of 1st period - Icing by Derrick Pouliot.
5:25 of 1st period - David Pope wins face-off versus Nico Sturm in Wolfpack zone.
5:32 of 1st period - Wrist shot by David Pope.
5:32 of 1st period - Stopped by Michael Hutchinson without a rebound.
5:33 of 1st period - Maxime Sauvé wins face-off versus Philip Varone in Heat zone.
5:34 of 1st period - Snap shot by Stefan Noesen.
5:34 of 1st period - Shot Misses the Net.
5:37 of 1st period - Icing by Matthew Nieto.
5:38 of 1st period - Philip Varone wins face-off versus Maxime Sauvé in Heat zone.
6:15 of 1st period - Snap shot by Maxime Sauvé.
6:15 of 1st period - Shot Misses the Net.
7:09 of 1st period - Slapshot by Matthew Nieto.
7:09 of 1st period - Shot Misses the Net.
7:11 of 1st period - Wrist shot by Philip Varone.
7:11 of 1st period - Stopped by Harru Sateri with a rebound.
7:13 of 1st period - Wrist shot by Matthew Nieto.
7:13 of 1st period - Stopped by Harru Sateri with a rebound.
7:27 of 1st period - Slapshot by Kevin Labanc.
7:27 of 1st period - Stopped by Harru Sateri without a rebound.
7:28 of 1st period - Henrik Samuelsson wins face-off versus Victor Rask in Wolfpack zone.
7:30 of 1st period - Icing by Ryan Dzingel.
7:31 of 1st period - Henrik Samuelsson wins face-off versus Victor Rask in Wolfpack zone.
8:20 of 1st period - Snap shot by Eric Karlsson.
8:20 of 1st period - Shot Misses the Net.
8:26 of 1st period - Wrist shot by Sebastian Collberg.
8:26 of 1st period - Shot Misses the Net.
8:28 of 1st period - Slapshot by Joshua Jacobs.
8:28 of 1st period - Shot Blocked by Eric Karlsson.
9:10 of 1st period - Jesper Bratt is hit by Samuel Blais and loses puck.
9:36 of 1st period - Sebastian Collberg is hit by Jake DeBrusk and loses puck.
11:01 of 1st period - David Pope is hit by Greg Pateryn and loses puck.
11:14 of 1st period - Kevin Labanc is hit by Steven Santini and loses puck.
11:43 of 1st period - Mikhail Sergachev is hit by Nico Sturm and loses puck.
12:11 of 1st period - David Pope is hit by Ryan Spooner.
12:31 of 1st period - Steven Santini is hit by Jake DeBrusk and loses puck.
12:38 of 1st period - Evgeny Svechnikov is hit by Sebastian Collberg and loses puck.
12:58 of 1st period - Greg Pateryn is hit by Henrik Samuelsson.
13:07 of 1st period - Joshua Jacobs is hit by Eric Karlsson and loses puck.
13:22 of 1st period - Maxime Sauvé is hit by Matthew Nieto and loses puck.
13:44 of 1st period - Seth Griffith is hit by Barclay Goodrow and loses puck.
13:59 of 1st period - John Gilmour is hit by Keegan Kolesar and loses puck.
15:18 of 1st period - Greg Pateryn is hit by Maxime Sauvé.
15:30 of 1st period - Victor Rask is hit by Samuel Blais.
15:39 of 1st period - Victor Rask is hit by Steven Santini and loses puck.
15:57 of 1st period - Greg Pateryn is hit by Samuel Blais and loses puck.
16:04 of 1st period - Matthew Nieto is hit by Mikhail Sergachev and loses puck.
16:13 of 1st period - Ryan Culkin is hit by Philip Varone and loses puck.
16:22 of 1st period - Snap shot by Henrik Samuelsson.
16:22 of 1st period - Shot Misses the Net.
16:24 of 1st period - Wrist shot by Ryan Dzingel.
16:24 of 1st period - Shot Blocked by Trevor Carrick.
16:28 of 1st period - Wrist shot by Ryan Dzingel.
16:28 of 1st period - Shot Blocked by Mathieu Brodeur.
16:30 of 1st period - Snap shot by Samuel Blais.
16:30 of 1st period - Shot Misses the Net.
16:32 of 1st period - Snap shot by Ryan Culkin.
16:32 of 1st period - Stopped by Michael Hutchinson without a rebound.
16:33 of 1st period - Victor Rask wins face-off versus Maxime Sauvé in Heat zone.
17:08 of 1st period - David Pope is hit by Ryan Spooner and loses puck.
17:43 of 1st period - Slapshot by Steven Santini.
17:43 of 1st period - Shot Misses the Net.
18:44 of 1st period - Wrist shot by Kevin Labanc.
18:44 of 1st period - Shot Misses the Net.
18:52 of 1st period - Minor Penalty to Connor Chatam for Roughing.
18:53 of 1st period - Maxime Sauvé wins face-off versus Victor Rask in Wolfpack zone.
19:18 of 1st period - Dave Dziurzynski is hit by Jake DeBrusk.
Goals for this period are 1 for Heat vs 0 for Wolfpack.
Shots for this period are 4 for Heat vs 3 for Wolfpack.

2nd period


0:01 of 2nd period - Maxime Sauvé wins face-off versus Victor Rask in neutral zone.
0:26 of 2nd period - Derrick Pouliot is hit by Evgeny Svechnikov and loses puck.
0:31 of 2nd period - Slapshot by Jake DeBrusk.
0:31 of 2nd period - Stopped by Harru Sateri with a rebound.
0:33 of 2nd period - Snap shot by Jake DeBrusk.
0:33 of 2nd period - Shot Blocked by Maxime Sauvé.
0:35 of 2nd period - Slapshot by Greg Pateryn.
0:35 of 2nd period - Stopped by Harru Sateri with a rebound.
0:52 of 2nd period - Penalty to Connor Chatam is over, Connor Chatam is back on ice.
0:59 of 2nd period - Connor Chatam is hit by Philip Varone and loses puck.
1:41 of 2nd period - Backhand shot by Eric Karlsson.
1:41 of 2nd period - Stopped by Harru Sateri with a rebound.
2:04 of 2nd period - Slapshot by Henrik Samuelsson.
2:04 of 2nd period - Shot Misses the Net.
2:26 of 2nd period - Slapshot by Mathieu Brodeur.
2:26 of 2nd period - Shot Blocked by Colton White.
2:32 of 2nd period - Nico Sturm is hit by Colton White and loses puck.
2:43 of 2nd period - Snap shot by Kevin Labanc.
2:43 of 2nd period - Stopped by Harru Sateri without a rebound.
2:44 of 2nd period - Seth Griffith wins face-off versus Philip Varone in Wolfpack zone.
3:22 of 2nd period - Snap shot by Seth Griffith.
3:22 of 2nd period - Stopped by Michael Hutchinson with a rebound.
3:24 of 2nd period - Wrist shot by Seth Griffith.
3:24 of 2nd period - Stopped by Michael Hutchinson with a rebound.
3:26 of 2nd period - Wrist shot by Connor Chatam.
3:26 of 2nd period - Stopped by Michael Hutchinson without a rebound.
3:27 of 2nd period - Maxime Sauvé wins face-off versus Evgeny Svechnikov in Heat zone.
3:32 of 2nd period - Slapshot by Dave Dziurzynski.
3:32 of 2nd period - Stopped by Michael Hutchinson with a rebound.
3:34 of 2nd period - Snap shot by Maxime Sauvé.
3:34 of 2nd period - Stopped by Michael Hutchinson without a rebound.
3:35 of 2nd period - Dave Dziurzynski wins face-off versus Victor Rask in Heat zone.
3:36 of 2nd period - Snap shot by Maxime Sauvé.
3:36 of 2nd period - Shot Misses the Net.
3:38 of 2nd period - Snap shot by Joshua Jacobs.
3:38 of 2nd period - Goal by Joshua Jacobs - Heat : 1 - Wolfpack : 1.
3:39 of 2nd period - Maxime Sauvé wins face-off versus Philip Varone in neutral zone.
3:42 of 2nd period - Backhand shot by Maxime Sauvé.
3:42 of 2nd period - Stopped by Michael Hutchinson with a rebound.
3:44 of 2nd period - Snap shot by Stefan Noesen.
3:44 of 2nd period - Stopped by Michael Hutchinson without a rebound.
3:45 of 2nd period - Maxime Sauvé wins face-off versus Philip Varone in Heat zone.
3:56 of 2nd period - Wrist shot by Stefan Noesen.
3:56 of 2nd period - Stopped by Michael Hutchinson with a rebound.
4:12 of 2nd period - Slapshot by Rasmus Andersson.
4:12 of 2nd period - Stopped by Harru Sateri with a rebound.
4:14 of 2nd period - Wrist shot by Mathieu Brodeur.
4:14 of 2nd period - Shot Blocked by Derrick Pouliot.
4:18 of 2nd period - Wrist shot by Jake DeBrusk.
4:18 of 2nd period - Shot Misses the Net.
4:20 of 2nd period - Wrist shot by Evgeny Svechnikov.
4:20 of 2nd period - Deflect By Jake DeBrusk.
4:20 of 2nd period - Shot Misses the Net.
4:20 of 2nd period - Puck is out of play.
4:21 of 2nd period - Maxime Sauvé wins face-off versus Evgeny Svechnikov in Wolfpack zone.
4:55 of 2nd period - Slapshot by Seth Griffith.
4:55 of 2nd period - Stopped by Michael Hutchinson with a rebound.
4:57 of 2nd period - Wrist shot by Connor Chatam.
4:57 of 2nd period - Shot Blocked by John Gilmour.
5:44 of 2nd period - Trevor Carrick is hit by Henrik Samuelsson and loses puck.
6:06 of 2nd period - Off-side.
6:07 of 2nd period - Seth Griffith wins face-off versus Jesper Bratt in neutral zone.
7:19 of 2nd period - Seth Griffith is hit by Frank Corrado and loses puck.
8:01 of 2nd period - Wrist shot by Henrik Samuelsson.
8:01 of 2nd period - Stopped by Michael Hutchinson with a rebound.
8:03 of 2nd period - Slapshot by Derrick Pouliot.
8:03 of 2nd period - Shot Blocked by Rasmus Andersson.
8:05 of 2nd period - Wrist shot by Henrik Samuelsson.
8:05 of 2nd period - Stopped by Michael Hutchinson without a rebound.
8:06 of 2nd period - Ryan Dzingel wins face-off versus Victor Rask in Heat zone.
8:07 of 2nd period - Backhand shot by Samuel Blais.
8:07 of 2nd period - Stopped by Michael Hutchinson with a rebound.
8:13 of 2nd period - Wrist shot by Jake DeBrusk.
8:13 of 2nd period - Goal by Jake DeBrusk - Heat : 2 - Wolfpack : 1.
8:14 of 2nd period - Maxime Sauvé wins face-off versus Philip Varone in neutral zone.
9:01 of 2nd period - Slapshot by Steven Santini.
9:01 of 2nd period - Stopped by Michael Hutchinson with a rebound.
9:09 of 2nd period - Slapshot by Mathieu Brodeur.
9:09 of 2nd period - Stopped by Harru Sateri without a rebound.
9:10 of 2nd period - Maxime Sauvé wins face-off versus Philip Varone in Wolfpack zone.
9:36 of 2nd period - Ryan Culkin is hit by Peter Cehlarik and loses puck.
9:45 of 2nd period - Wrist shot by Peter Cehlarik.
9:45 of 2nd period - Stopped by Harru Sateri with a rebound.
9:47 of 2nd period - Snap shot by Ryan Spooner.
9:47 of 2nd period - Deflect By Ryan Culkin.
9:47 of 2nd period - Shot Blocked by Ryan Culkin.
9:47 of 2nd period - Puck is out of play.
9:48 of 2nd period - Philip Varone wins face-off versus Seth Griffith in Wolfpack zone.
9:57 of 2nd period - Backhand shot by Kevin Labanc.
9:57 of 2nd period - Stopped by Harru Sateri with a rebound.
9:59 of 2nd period - Wrist shot by Rasmus Andersson.
9:59 of 2nd period - Deflect By Matthew Nieto.
9:59 of 2nd period - Shot Misses the Net.
9:59 of 2nd period - Puck is out of play.
10:00 of 2nd period - Maxime Sauvé wins face-off versus Philip Varone in Wolfpack zone.
10:00 of 2nd period - Maxime Sauvé is hit by Kevin Labanc.
10:10 of 2nd period - Slapshot by Kevin Labanc.
10:10 of 2nd period - Stopped by Harru Sateri with a rebound.
10:12 of 2nd period - Snap shot by Rasmus Andersson.
10:12 of 2nd period - Stopped by Harru Sateri with a rebound.
10:14 of 2nd period - Slapshot by Mathieu Brodeur.
10:14 of 2nd period - Stopped by Harru Sateri with a rebound.
10:16 of 2nd period - Wrist shot by Kevin Labanc.
10:16 of 2nd period - Shot Misses the Net.
10:26 of 2nd period - Victor Rask is hit by Samuel Blais and loses puck.
10:42 of 2nd period - Icing by Mikhail Sergachev.
10:43 of 2nd period - Henrik Samuelsson wins face-off versus Ryan Spooner in Wolfpack zone.
11:06 of 2nd period - Greg Pateryn is hit by Derrick Pouliot and loses puck.
11:14 of 2nd period - Minor Penalty to Steven Santini for Goalie Interference.
11:15 of 2nd period - Victor Rask wins face-off versus Maxime Sauvé in Wolfpack zone.
12:45 of 2nd period - Kevin Labanc is hit by Derrick Pouliot and loses puck.
13:14 of 2nd period - Penalty to Steven Santini is over, Steven Santini is back on ice.
13:16 of 2nd period - Maxime Sauvé is hit by Frank Corrado and loses puck.
13:44 of 2nd period - Trevor Carrick is hit by Mikhail Sergachev and loses puck.
13:59 of 2nd period - Slapshot by Ryan Dzingel.
13:59 of 2nd period - Stopped by Michael Hutchinson with a rebound.
14:01 of 2nd period - Wrist shot by Ryan Dzingel.
14:01 of 2nd period - Shot Misses the Net.
14:21 of 2nd period - Mathieu Brodeur is hit by Kevin Roy and loses puck.
14:32 of 2nd period - Rasmus Andersson is hit by Henrik Samuelsson and loses puck.
15:01 of 2nd period - John Gilmour is hit by Joshua Jacobs and loses puck.
15:34 of 2nd period - Snap shot by Kevin Labanc.
15:34 of 2nd period - Stopped by Harru Sateri without a rebound.
15:35 of 2nd period - Philip Varone wins face-off versus Kevin Roy in Wolfpack zone.
15:44 of 2nd period - Wrist shot by Matthew Nieto.
15:44 of 2nd period - Stopped by Harru Sateri with a rebound.
15:46 of 2nd period - Slapshot by Trevor Carrick.
15:46 of 2nd period - Shot Misses the Net.
15:48 of 2nd period - Wrist shot by Matthew Nieto.
15:48 of 2nd period - Goal by Matthew Nieto - Heat : 3 - Wolfpack : 1.
15:49 of 2nd period - Philip Varone wins face-off versus Maxime Sauvé in neutral zone.
15:54 of 2nd period - Derrick Pouliot is hit by Greg Pateryn and loses puck.
16:03 of 2nd period - Slapshot by Kevin Labanc.
16:03 of 2nd period - Stopped by Harru Sateri with a rebound.
16:38 of 2nd period - Slapshot by Rasmus Andersson.
16:38 of 2nd period - Deflect By Peter Cehlarik.
16:38 of 2nd period - Stopped by Harru Sateri without a rebound.
16:39 of 2nd period - Seth Griffith wins face-off versus Philip Varone in Wolfpack zone.
16:39 of 2nd period - Seth Griffith is hit by Kevin Labanc.
17:09 of 2nd period - Wrist shot by Maxime Sauvé.
17:09 of 2nd period - Shot Misses the Net.
17:11 of 2nd period - Minor Penalty to Rasmus Andersson for Holding Stick.
17:12 of 2nd period - Maxime Sauvé wins face-off versus Philip Varone in Heat zone.
17:27 of 2nd period - Slapshot by Steven Santini.
17:27 of 2nd period - Shot Blocked by Trevor Carrick.
17:54 of 2nd period - Derrick Pouliot is hit by Greg Pateryn and loses puck.
19:05 of 2nd period - Backhand shot by Nico Sturm.
19:05 of 2nd period - Stopped by Harru Sateri with a rebound.
19:11 of 2nd period - Penalty to Rasmus Andersson is over, Rasmus Andersson is back on ice.
19:55 of 2nd period - Minor Penalty to Eric Karlsson for Hooking.
19:56 of 2nd period - Philip Varone wins face-off versus Maxime Sauvé in Heat zone.
Goals for this period are 2 for Heat vs 1 for Wolfpack.
Shots for this period are 18 for Heat vs 15 for Wolfpack.

3rd period


0:01 of 3rd period - Philip Varone wins face-off versus Maxime Sauvé in neutral zone.
0:04 of 3rd period - Slapshot by Rasmus Andersson.
0:04 of 3rd period - Shot Misses the Net.
1:55 of 3rd period - Penalty to Eric Karlsson is over, Eric Karlsson is back on ice.
2:01 of 3rd period - Mathieu Brodeur is hit by David Pope and loses puck.
2:38 of 3rd period - Slapshot by Ryan Culkin.
2:38 of 3rd period - Deflect By Kevin Roy.
2:38 of 3rd period - Stopped by Michael Hutchinson without a rebound.
2:39 of 3rd period - Victor Rask wins face-off versus Kevin Roy in Heat zone.
2:48 of 3rd period - Wrist shot by Kevin Roy.
2:48 of 3rd period - Goal by Kevin Roy - Heat : 3 - Wolfpack : 2.
2:49 of 3rd period - Maxime Sauvé wins face-off versus Philip Varone in neutral zone.
2:54 of 3rd period - Wrist shot by Stefan Noesen.
2:54 of 3rd period - Shot Misses the Net.
3:20 of 3rd period - Slapshot by Samuel Blais.
3:20 of 3rd period - Goal by Samuel Blais - Heat : 3 - Wolfpack : 3.
3:21 of 3rd period - Philip Varone wins face-off versus Maxime Sauvé in neutral zone.
3:32 of 3rd period - Slapshot by Matthew Nieto.
3:32 of 3rd period - Goal by Matthew Nieto - Heat : 4 - Wolfpack : 3.
3:33 of 3rd period - Maxime Sauvé wins face-off versus Philip Varone in neutral zone.
3:58 of 3rd period - Steven Santini is hit by Victor Rask and loses puck.
4:04 of 3rd period - Icing by Ryan Dzingel.
4:05 of 3rd period - Victor Rask wins face-off versus Ryan Dzingel in Wolfpack zone.
4:06 of 3rd period - Snap shot by Jake DeBrusk.
4:06 of 3rd period - Stopped by Harru Sateri with a rebound.
4:08 of 3rd period - Snap shot by Jake DeBrusk.
4:08 of 3rd period - Shot Blocked by Ryan Culkin.
4:10 of 3rd period - Slapshot by Frank Corrado.
4:10 of 3rd period - Deflect By Victor Rask.
4:10 of 3rd period - Shot Misses the Net.
4:10 of 3rd period - Puck is out of play.
4:11 of 3rd period - Jake DeBrusk wins face-off versus Dave Dziurzynski in Wolfpack zone.
4:29 of 3rd period - Maxime Sauvé is hit by Jake DeBrusk and loses puck.
4:49 of 3rd period - Icing by Rasmus Andersson.
4:50 of 3rd period - Philip Varone wins face-off versus Henrik Samuelsson in Heat zone.
5:01 of 3rd period - Wrist shot by Samuel Blais.
5:01 of 3rd period - Shot Blocked by Mathieu Brodeur.
5:03 of 3rd period - Slapshot by Mikhail Sergachev.
5:03 of 3rd period - Deflect By Samuel Blais.
5:03 of 3rd period - Shot Blocked by Rasmus Andersson.
5:03 of 3rd period - Puck is out of play.
5:04 of 3rd period - Maxime Sauvé wins face-off versus Philip Varone in Heat zone.
5:07 of 3rd period - Snap shot by Maxime Sauvé.
5:07 of 3rd period - Stopped by Michael Hutchinson without a rebound.
5:08 of 3rd period - Philip Varone wins face-off versus Maxime Sauvé in Heat zone.
5:13 of 3rd period - Stefan Noesen is hit by Philip Varone and loses puck.
5:24 of 3rd period - Slapshot by Steven Santini.
5:24 of 3rd period - Deflect By Stefan Noesen.
5:24 of 3rd period - Stopped by Michael Hutchinson without a rebound.
5:25 of 3rd period - Henrik Samuelsson wins face-off versus Victor Rask in Heat zone.
5:30 of 3rd period - Snap shot by Ryan Dzingel.
5:30 of 3rd period - Shot Blocked by Mathieu Brodeur.
5:32 of 3rd period - Slapshot by Derrick Pouliot.
5:32 of 3rd period - Stopped by Michael Hutchinson without a rebound.
5:33 of 3rd period - Victor Rask wins face-off versus Henrik Samuelsson in Heat zone.
5:40 of 3rd period - Snap shot by Jake DeBrusk.
5:40 of 3rd period - Stopped by Harru Sateri without a rebound.
5:41 of 3rd period - Maxime Sauvé wins face-off versus Philip Varone in Wolfpack zone.
5:48 of 3rd period - Slapshot by Maxime Sauvé.
5:48 of 3rd period - Deflect By Dave Dziurzynski.
5:48 of 3rd period - Shot Misses the Net.
5:48 of 3rd period - Puck is out of play.
5:49 of 3rd period - Matthew Nieto wins face-off versus Maxime Sauvé in Heat zone.
5:58 of 3rd period - Slapshot by Matthew Nieto.
5:58 of 3rd period - Stopped by Harru Sateri without a rebound.
5:59 of 3rd period - Maxime Sauvé wins face-off versus Philip Varone in Wolfpack zone.
6:15 of 3rd period - Derrick Pouliot is hit by Rasmus Andersson.
6:39 of 3rd period - Off-side.
6:40 of 3rd period - Victor Rask wins face-off versus Henrik Samuelsson in neutral zone.
6:56 of 3rd period - Snap shot by Henrik Samuelsson.
6:56 of 3rd period - Stopped by Michael Hutchinson with a rebound.
7:07 of 3rd period - Minor Penalty to Stefan Noesen for Holding.
7:08 of 3rd period - Kevin Labanc wins face-off versus Maxime Sauvé in Wolfpack zone.
7:09 of 3rd period - Snap shot by Matthew Nieto.
7:09 of 3rd period - Goal by Matthew Nieto - Heat : 5 - Wolfpack : 3.
7:10 of 3rd period - Philip Varone wins face-off versus Maxime Sauvé in neutral zone.
7:25 of 3rd period - Wrist shot by Philip Varone.
7:25 of 3rd period - Shot Misses the Net.
7:37 of 3rd period - Ryan Dzingel is hit by Jake DeBrusk.
7:59 of 3rd period - Wrist shot by Steven Santini.
7:59 of 3rd period - Shot Misses the Net.
8:01 of 3rd period - Slapshot by Connor Chatam.
8:01 of 3rd period - Stopped by Michael Hutchinson with a rebound.
8:03 of 3rd period - Backhand shot by Steven Santini.
8:03 of 3rd period - Shot Blocked by Greg Pateryn.
8:21 of 3rd period - Slapshot by Steven Santini.
8:21 of 3rd period - Stopped by Michael Hutchinson without a rebound.
8:22 of 3rd period - Kevin Roy wins face-off versus Nico Sturm in Heat zone.
8:25 of 3rd period - Slapshot by Kevin Roy.
8:25 of 3rd period - Shot Misses the Net.
8:27 of 3rd period - Snap shot by Sebastian Collberg.
8:27 of 3rd period - Goal by Sebastian Collberg - Heat : 5 - Wolfpack : 4.
8:28 of 3rd period - Philip Varone wins face-off versus Maxime Sauvé in neutral zone.
8:53 of 3rd period - Evgeny Svechnikov is hit by David Pope and loses puck.
8:58 of 3rd period - Snap shot by David Pope.
8:58 of 3rd period - Deflect By Seth Griffith.
8:58 of 3rd period - Shot Misses the Net.
8:58 of 3rd period - Puck is out of play.
8:59 of 3rd period - Seth Griffith wins face-off versus Victor Rask in Heat zone.
9:24 of 3rd period - David Pope is hit by Frank Corrado and loses puck.
10:57 of 3rd period - Snap shot by Seth Griffith.
10:57 of 3rd period - Shot Misses the Net.
11:09 of 3rd period - Slapshot by Mathieu Brodeur.
11:09 of 3rd period - Shot Hit the Post.
11:11 of 3rd period - Wrist shot by Jake DeBrusk.
11:11 of 3rd period - Shot Misses the Net.
11:13 of 3rd period - Slapshot by Rasmus Andersson.
11:13 of 3rd period - Stopped by Harru Sateri with a rebound.
11:35 of 3rd period - Rasmus Andersson is hit by Mikhail Sergachev and loses puck.
12:01 of 3rd period - Minor Penalty to Connor Chatam for Hooking.
12:02 of 3rd period - Maxime Sauvé wins face-off versus Ryan Spooner in Wolfpack zone.
12:02 of 3rd period - Maxime Sauvé is hit by Ryan Spooner.
12:34 of 3rd period - Slapshot by Kevin Labanc.
12:34 of 3rd period - Shot Misses the Net.
12:36 of 3rd period - Wrist shot by Matthew Nieto.
12:36 of 3rd period - Goal by Matthew Nieto - Heat : 6 - Wolfpack : 4.
12:37 of 3rd period - Philip Varone wins face-off versus Maxime Sauvé in neutral zone.
13:02 of 3rd period - Derrick Pouliot is hit by Peter Cehlarik and loses puck.
13:11 of 3rd period - Snap shot by Samuel Blais.
13:11 of 3rd period - Stopped by Michael Hutchinson without a rebound.
13:12 of 3rd period - Maxime Sauvé wins face-off versus Ryan Spooner in Heat zone.
13:13 of 3rd period - Wrist shot by Stefan Noesen.
13:13 of 3rd period - Shot Misses the Net.
13:21 of 3rd period - Slapshot by Ryan Spooner.
13:21 of 3rd period - Stopped by Harru Sateri without a rebound.
13:22 of 3rd period - Ryan Spooner wins face-off versus Maxime Sauvé in Wolfpack zone.
13:29 of 3rd period - Slapshot by Maxime Sauvé.
13:29 of 3rd period - Stopped by Michael Hutchinson with a rebound.
13:41 of 3rd period - Slapshot by Barclay Goodrow.
13:41 of 3rd period - Shot Blocked by Dave Dziurzynski.
13:51 of 3rd period - Slapshot by Ryan Spooner.
13:51 of 3rd period - Shot Blocked by Steven Santini.
14:49 of 3rd period - Snap shot by Stefan Noesen.
14:49 of 3rd period - Goal by Stefan Noesen - Heat : 6 - Wolfpack : 5.
14:50 of 3rd period - Matthew Nieto wins face-off versus Henrik Samuelsson in neutral zone.
14:53 of 3rd period - Snap shot by Philip Varone.
14:53 of 3rd period - Stopped by Harru Sateri without a rebound.
14:54 of 3rd period - Henrik Samuelsson wins face-off versus Philip Varone in Wolfpack zone.
14:54 of 3rd period - Henrik Samuelsson is hit by Matthew Nieto.
15:27 of 3rd period - Snap shot by Nico Sturm.
15:27 of 3rd period - Stopped by Harru Sateri without a rebound.
15:28 of 3rd period - Kevin Roy wins face-off versus Philip Varone in Wolfpack zone.
15:34 of 3rd period - Off-side.
15:35 of 3rd period - Kevin Roy wins face-off versus Philip Varone in neutral zone.
15:40 of 3rd period - Snap shot by Sebastian Collberg.
15:40 of 3rd period - Stopped by Michael Hutchinson with a rebound.
15:42 of 3rd period - Wrist shot by Keegan Kolesar.
15:42 of 3rd period - Stopped by Michael Hutchinson with a rebound.
15:44 of 3rd period - Wrist shot by Kevin Roy.
15:44 of 3rd period - Shot Blocked by Trevor Carrick.
15:46 of 3rd period - Slapshot by Derrick Pouliot.
15:46 of 3rd period - Stopped by Michael Hutchinson without a rebound.
15:47 of 3rd period - Ryan Spooner wins face-off versus Maxime Sauvé in Heat zone.
15:54 of 3rd period - Backhand shot by Dave Dziurzynski.
15:54 of 3rd period - Stopped by Michael Hutchinson without a rebound.
15:55 of 3rd period - Ryan Spooner wins face-off versus Maxime Sauvé in Heat zone.
16:00 of 3rd period - Backhand shot by Rasmus Andersson.
16:00 of 3rd period - Deflect By Steven Santini.
16:00 of 3rd period - Stopped by Harru Sateri without a rebound.
16:01 of 3rd period - Ryan Spooner wins face-off versus Dave Dziurzynski in Wolfpack zone.
16:04 of 3rd period - Snap shot by Peter Cehlarik.
16:04 of 3rd period - Stopped by Harru Sateri without a rebound.
16:05 of 3rd period - Maxime Sauvé wins face-off versus Ryan Spooner in Wolfpack zone.
16:05 of 3rd period - Maxime Sauvé is hit by Barclay Goodrow.
16:13 of 3rd period - Rasmus Andersson is hit by Steven Santini and loses puck.
16:21 of 3rd period - Icing by Barclay Goodrow.
16:22 of 3rd period - Ryan Spooner wins face-off versus Henrik Samuelsson in Heat zone.
16:36 of 3rd period - Snap shot by Henrik Samuelsson.
16:36 of 3rd period - Stopped by Michael Hutchinson with a rebound.
16:42 of 3rd period - Derrick Pouliot is hit by Mathieu Brodeur and loses puck.
17:06 of 3rd period - Snap shot by Ryan Spooner.
17:06 of 3rd period - Goal by Ryan Spooner - Heat : 7 - Wolfpack : 5.
17:07 of 3rd period - Maxime Sauvé wins face-off versus Philip Varone in neutral zone.
17:41 of 3rd period - Snap shot by Connor Chatam.
17:41 of 3rd period - Shot Misses the Net.
17:43 of 3rd period - Slapshot by Mikhail Sergachev.
17:43 of 3rd period - Shot Misses the Net.
18:35 of 3rd period - Wrist shot by Matthew Nieto.
18:35 of 3rd period - Stopped by Harru Sateri without a rebound.
18:36 of 3rd period - Philip Varone wins face-off versus Henrik Samuelsson in Wolfpack zone.
Goals for this period are 4 for Heat vs 4 for Wolfpack.
Shots for this period are 14 for Heat vs 18 for Wolfpack.